 Dungeon Crawl Stone Soup version 0.25-a0-404-gc1b5a34 (webtiles) character file.

Game seed: 4852899765522000136, levelgen mode: deterministic

80 EternalFade the Vexing (level 4, 0/26 HPs)
             Began as a Kobold Arcane Marksman on Jan 11, 2020.
             Slain by a worker ant (6 damage)
             ... on level 2 of the Dungeon.
             The game lasted 00:11:16 (2174 turns).

EternalFade the Vexing (Kobold Arcane Marksman)     Turns: 2174, Time: 00:11:17

Health: 0/26       AC:  2    Str:  7    XL:     4   Next: 65%
Magic:  7/7        EV: 16    Int: 15    God:
Gold:   18         SH:  0    Dex: 15    Spells: 6/7 levels left

rFire    . . .     SeeInvis .   a - +0 hand crossbow
rCold    . . .     Gourm    .   (shield restricted)
rNeg     . . .     Faith    .   f - +0 robe
rPois    .         Spirit   .   (no helmet)
rElec    .         Reflect  .   (no cloak)
rCorr    .         Harm     .   (no gloves)
MR       .....                  (no boots)
Stlth    +.........             (no amulet)
HPRegen  0.08/turn              (no ring)
MPRegen  0.10/turn              (no ring)

@: no status effects
A: small, carnivore
a: no special abilities


You were on level 2 of the Dungeon.
You were very full.

You visited 1 branch of the dungeon, and saw 2 of its levels.

You collected 18 gold pieces.

Inventory:

Hand Weapons
 a - a +0 hand crossbow (weapon)
 b - a +0 club
   (You found it on level 1 of the Dungeon)
 i - a +0 short sword
   (You took it off a kobold on level 1 of the Dungeon)
 n - a +0 dagger
   (You took it off a goblin on level 2 of the Dungeon)
Missiles
 d - 10 bolts (quivered)
 g - 63 stones
Armour
 f - a +0 robe (worn)
 k - a +0 helmet
   (You found it on level 1 of the Dungeon)
 l - a +0 ring mail
   (You found it on level 1 of the Dungeon)
Jewellery
 h - an uncursed ring of ice {unknown}
   (You found it on level 1 of the Dungeon)
Scrolls
 j - 2 scrolls of teleportation {unknown}
 m - 4 scrolls of identify {unknown}
 p - a scroll of immolation {unknown}
Potions
 c - 2 potions of flight {unknown}
 o - a potion of might {unknown}
 q - a potion of degeneration {unknown}
Comestibles
 e - 4 rations {!d}


   Skills:
 + Level 2.1 Fighting
 + Level 3.2 Crossbows
 + Level 3.2 Dodging
 + Level 2.0 Spellcasting
 + Level 3.4 Hexes


You had 6 spell levels left.
You knew the following spells:

 Your Spells              Type           Power        Failure   Level  Hunger
a - Corona                Hex            ##.....      5%          1    #......

Your spell library contained the following spells:

 Spells                   Type           Power        Failure   Level  Hunger
 Slow                     Hex            ##......     8%          2    ###....
 Inner Flame              Hex/Fire       #.......     32%         3    ###....
 Portal Projectile        Hex/Tloc       #.....       32%         3    ###....
 Cause Fear               Hex            ##........   45%         4    #####..
 Leda's Liquefaction      Hex/Erth       #.........   71%         4    #####..


Dungeon Overview and Level Annotations

Branches:
Dungeon (2/15)

Altars:
Hepliaklqana


Innate Abilities, Weirdness & Mutations

You are small and have problems with some larger weapons.
You are carnivorous and can eat meat at any time.


Message History

Aiming: Corona (safe; 5% risk of failure)
Aim: a worker ant (hasn't noticed you, chance to defeat MR: 57%)
The worker ant twitches its antennae in your direction.
The worker ant struggles to resist.
Casting: Corona (safe; 5% risk of failure)
Aiming: Corona (safe; 5% risk of failure)
Aim: a worker ant (chance to defeat MR: 57%)
The worker ant is outlined in light.
Firing (i - inventory. (/) - cycle)
d - 13 bolts (quivered)
Aim: a worker ant (softly glowing)
You shoot a bolt.
The bolt hits the worker ant but does no damage.
Firing (i - inventory. (/) - cycle)
d - 12 bolts (quivered)
Aim: a worker ant (softly glowing)
You shoot a bolt. The bolt barely misses the worker ant.
The worker ant barely misses you.
Firing (i - inventory. (/) - cycle)
d - 11 bolts (quivered)
Aim: a worker ant (softly glowing)
You shoot a bolt. The bolt closely misses the worker ant.
The worker ant waves its antennae.
The worker ant bites you.
You are poisoned.
The worker ant poisons you! The worker ant barely misses you.
You feel sick.
You feel sick.
The worker ant stops glowing.
You feel sick. The worker ant bites you!
* * * LOW HITPOINT WARNING * * *
You feel sick. The worker ant closely misses you.
You feel sick. The worker ant completely misses you.
The worker ant completely misses you.
You feel sick.
You are no longer poisoned.
The worker ant misses you. The worker ant misses you.
The floor.
The worker ant closely misses you. The worker ant closely misses you.
The worker ant barely misses you. The worker ant misses you.
Found 15 gold pieces.
A bat comes into view.
The worker ant waves its antennae.
The worker ant bites you.
* * * LOW HITPOINT WARNING * * *
The worker ant misses you.
You see here a +0 club.
The worker ant closely misses you. The worker ant bites you.
You die...

#....# #.#..####
#.......#
##..####....
#..#### ###
#.>...# #.###..#
#a# .# #@# .. #.#
## #.#
############.#
#.........<#.#
#..........#.#
#.....<.[..#.#
#............#
#...........######


You could see a worker ant.

Vanquished Creatures
  A bullfrog skeleton (D:2)
  An adder (D:1)
  A dart slug (D:1)
  7 bats (D:1)
  3 giant cockroaches
  4 goblins
  6 hobgoblins
  5 frilled lizards (D:1)
  10 kobolds
  3 rats (D:1)
41 creatures vanquished.

Notes
Turn   | Place    | Note
-------+----------+-------------------------------------------
     0 | D:1      | EternalFade the Kobold Arcane Marksman began the quest for
                  | the Orb.
     0 | D:1      | Reached XP level 1. HP: 12/12 MP: 2/2
   149 | D:1      | Reached XP level 2. HP: 16/16 MP: 3/3
   323 | D:1      | Reached XP level 3. HP: 20/20 MP: 3/5
  1482 | D:2      | Reached XP level 4. HP: 22/26 MP: 4/6
  2083 | D:2      | Found a hazy altar of Hepliaklqana.
  2174 | D:2      | Slain by a worker ant

Levels and vault maps discovered:
D:1:      dpeg_arrival_lava_temple_mockup, layout_loops_ring
D:2:      layout_rooms, lemuel_round_altar, nicolae_ashenzari_panopticon,
          uniq_terence, uniq_natasha

Skill      XL: |  1  2  3  4 |
---------------+-------------+-----
Crossbows      | 3 |  3.2
Dodging        | 3 |  3.2
Fighting       | 2 |  2.1
Spellcasting   | 2 |  2.0
Hexes          | |  3.4

Action                   |  1- 3 |  4- 6 || total
-------------------------+-------+-------++-------
 Fire: Hand crossbow     |    80 |    23 ||   103
Throw: Stone             |       |     1 ||     1
 Cast: Corona            |    22 |     8 ||    30
  Eat: Chunk             |     9 |     3 ||    12
Armor: Robe              |     7 |     5 ||    12
Dodge: Dodged            |    64 |    36 ||   100

Table legend:
 A = Non-vault XP
 B = Vault XP
 C = Vault XP percentage of total XP
 D = Non-vault monster count
 E = Vault monster count
 F = Vault count percentage of total count
                 A         B        C        D         E       F
            +---------+---------+-------+---------+---------+-------
      Total |     115 |       0 |   0.0 |      41 |       0 |   0.0
            +---------+---------+-------+---------+---------+-------
        D:1 |      68 |       0 |   0.0 |      35 |       0 |   0.0
        D:2 |      47 |       0 |   0.0 |       6 |       0 |   0.0
            +---------+---------+-------+---------+---------+-------
